 Dungeon Crawl Stone Soup version 0.23-a0-261-g133332c (webtiles) character file.

4204 George the Carver (level 10, -4/86 HPs)
             Began as a Minotaur Fighter on Sept 29, 2018.
             Was a High Priest of Okawaru.
             Slain by a sixfirhy (11 damage)
             ... on level 8 of the Dungeon.
             The game lasted 00:13:27 (6878 turns).

George the Carver (Minotaur Fighter)                Turns: 6878, Time: 00:13:27

Health: -4/86      AC: 17    Str: 23    XL:     10   Next: 8%
Magic:  5/12       EV: 12    Int:  5    God:    Okawaru [*****.]
Gold:   355        SH:  0    Dex: 11    Spells: 9/9 levels left

rFire    . . .     SeeInvis .   H - +4 great sword (holy)
rCold    . . .     Gourm    .   (shield currently unavailable)
rNeg     + . .     Faith    +   E - +0 plate armour
rPois    .         Spirit   .   (helmet restricted)
rElec    .         Reflect  .   (no cloak)
rCorr    .         Harm     .   m - +0 pair of gloves
MR       .....                  (no boots)
Stlth    ..........             w - amulet of faith
HPRegen  0.24/turn              s - ring of positive energy
MPRegen  0.13/turn              u - ring of flight

@: heroism, finesse
A: retaliatory headbutt, horns 2
a: Heroism, Finesse, Renounce Religion, Evoke Flight


You were on level 8 of the Dungeon.
You worshipped Okawaru.
Okawaru was extremely pleased with you.
You were hungry.

You visited 2 branches of the dungeon, and saw 9 of its levels.

You collected 355 gold pieces.

Inventory:

Hand Weapons
 a - a +0 long sword
 H - a +4 great sword of holy wrath (weapon)
Armour
 c - a +0 shield
 m - a +0 pair of gloves (worn)
 E - a +0 plate armour (worn)
Jewellery
 s - a ring of positive energy (left hand)
 u - a ring of flight (right hand)
 w - an amulet of faith (around neck)
 C - an uncursed amulet of regeneration {unknown}
Wands
 v - a wand of flame (35)
 z - a wand of paralysis (6)
 G - a wand of acid (7)
Scrolls
 b - a scroll of enchant weapon {unknown}
 e - a scroll of magic mapping {unknown}
 g - 2 scrolls of random uselessness {unknown}
 i - a scroll of holy word {unknown}
 k - 7 scrolls of amnesia {unknown}
 l - 8 scrolls of remove curse
 p - a scroll of blinking {unknown}
 q - 4 scrolls of enchant armour {unknown}
 x - a scroll of teleportation {unknown}
 y - 2 scrolls of fear {unknown}
 B - 2 scrolls of fog {unknown}
 D - 3 scrolls of immolation {unknown}
 F - a scroll of identify
Potions
 d - 2 potions of might
 h - a potion of invisibility
 j - a potion of magic
 n - 2 potions of heal wounds
 o - 4 potions of curing
 r - 2 potions of haste
 t - 2 potions of berserk rage
 A - a potion of resistance {unknown}
Comestibles
 f - 19 rations


   Skills:
 + Level 7.4(12.4) Fighting
 * Level 10.1(15.1) Long Blades
 + Level 7.5(12.5) Armour
 + Level 5.9(10.9) Dodging
 - Level 7.1(12.1) Shields
 + Level 5.1 Invocations


You had 9 spell levels left.
You didn't know any spells.
Your spell library contained the following spells:

 Spells                   Type           Power        Failure   Level  Hunger
 Corona                   Hex            #......      99%         1    ##.....
 Slow                     Hex            #.......     100%        2    ###....
 Inner Flame              Hex/Fire       #.......     100%        3    ####...
 Portal Projectile        Hex/Tloc       #.....       100%        3    ####...
 Cause Fear               Hex            #.........   100%        4    #####..
 Leda's Liquefaction      Hex/Erth       #.........   100%        4    #####..


Dungeon Overview and Level Annotations

Branches:
Dungeon (8/15)             Temple (1/1) D:6
   Lair: D:8-11

Altars:
Cheibriados
Dithmenos
Elyvilon
Fedhas
Gozag
Hepliaklqana
Kikubaaqudgha
Makhleb
Nemelex Xobeh
Okawaru
Qazlal
Ru
Sif Muna
Trog
Uskayaw
Vehumet
Wu Jian
Xom
Zin
The Shining One


Innate Abilities, Weirdness & Mutations

You reflexively headbutt those who attack you in melee.
You have a pair of horns on your head.


Message History

You miss the sixfirhy.
The sixfirhy is lightly wounded.
The sixfirhy hits you! The sixfirhy shocks you!
You barely miss the sixfirhy.
The sixfirhy is lightly wounded.
You gain the combat prowess of a mighty hero.
The sixfirhy hits you but does no damage.
The sixfirhy hits you. The sixfirhy shocks you!
* * * LOW HITPOINT WARNING * * *
The sixfirhy hits you but does no damage.
You can now deal lightning-fast blows.
The sixfirhy hits you but does no damage.
The sixfirhy closely misses you. The sixfirhy hits you.
* * * LOW HITPOINT WARNING * * *
The sixfirhy shocks you!
* * * LOW HITPOINT WARNING * * *
The sixfirhy hits you.
* * * LOW HITPOINT WARNING * * *
The sixfirhy shocks you!
You die...

#..##.##.###.####.##.####.####...
#..##......#....................#
#..#####.#[####.####.....####.#.#
.........#.# ##..####...## #.#..
##########.# #.....##...# #.#..
#.# #.###.##...# #.#..
##########.###.#!#.##...# #....
........)......#3#.##...########.
......#####.#...@..............#.
.........##..###.................
......##......#................#.
............#..####.#..>#..##.##.
########..###..# #.#...#..##....
#..#....# #.#...#..#####.
#....>..# #.#...#..#####.
#########.#.##.# #..............
......###......# ####)...#######.


You could see a sixfirhy.

Vanquished Creatures
  A two-headed ogre (D:8)
  A hippogriff (D:8)
  4 hogs (D:7)
  A human (D:7)
  Duvessa (D:5)
  4 sky beasts
  An orc warrior (D:8)
  2 ice beasts
  2 phantoms
  A black bear (D:8)
  3 ogres
  A centaur (D:7)
  Blork the orc (D:4)
  3 bullfrogs
  Dowan (D:5)
  A water moccasin skeleton (D:5)
  5 crimson imps
  A bullfrog zombie (D:5)
  3 orc priests
  4 orc wizards
  4 hounds
  A jelly (D:5)
  2 iguanas (D:6)
  Ijyb (D:5)
  Natasha (D:4)
  7 worker ants
  A howler monkey zombie (D:7)
  Robin (D:4)
  8 adders
  2 oozes
  An adder skeleton (D:4)
  An adder zombie (D:7)
  A worm (D:3)
  A dart slug (D:1)
  6 leopard geckos
  16 orcs
  4 ball pythons
  5 giant cockroaches
  17 goblins
  11 hobgoblins
  6 quokkas
  10 bats
  8 frilled lizards
  5 kobolds
  2 quokka skeletons (D:4)
  6 rats
169 creatures vanquished.

Vanquished Creatures (others)
  A giant cockroach (D:5)
1 creature vanquished.

Grand Total: 170 creatures vanquished

Notes
Turn   | Place    | Note
-------+----------+-------------------------------------------
     0 | D:1      | George the Minotaur Fighter began the quest for the Orb.
     0 | D:1      | Reached XP level 1. HP: 19/19 MP: 0/0
   146 | D:1      | Reached skill level 3 in Long Blades
   291 | D:1      | Reached XP level 2. HP: 26/26 MP: 1/1
   331 | D:1      | Found an iron altar of Okawaru.
   344 | D:1      | Became a worshipper of Warmaster Okawaru
   725 | D:2      | Reached skill level 4 in Long Blades
   725 | D:2      | Reached XP level 3. HP: 33/33 MP: 2/2
   895 | D:2      | Found a shadowy altar of Dithmenos.
  1379 | D:3      | Reached skill level 1 in Dodging
  1430 | D:3      | Reached XP level 4. HP: 36/40 MP: 3/3
  1502 | D:3      | Found a faded altar of an unknown god.
  1831 | D:4      | Reached skill level 1 in Invocations
  1868 | D:4      | Found a radiant altar of Vehumet.
  1868 | D:4      | Noticed Robin
  1883 | D:4      | Reached XP level 5. HP: 44/46 MP: 4/4
  1895 | D:4      | Killed Robin
  2139 | D:4      | Noticed an ogre
  2146 | D:4      | Killed an ogre
  2146 | D:4      | Reached * piety under Okawaru
  2146 | D:4      | Reached skill level 5 in Long Blades
  2324 | D:4      | Reached XP level 6. HP: 52/52 MP: 6/6
  2355 | D:4      | Noticed Natasha
  2360 | D:4      | Killed Natasha
  2391 | D:4      | Noticed Blork the orc
  2400 | D:4      | Killed Blork the orc
  2705 | D:4      | Found a glowing golden altar of the Shining One.
  2745 | D:5      | Entered Level 5 of the Dungeon
  2771 | D:5      | Reached skill level 6 in Long Blades
  2771 | D:5      | Reached XP level 7. HP: 56/60 MP: 7/7
  2774 | D:5      | Noticed Ijyb
  2781 | D:5      | Killed Ijyb
  2784 | D:5      | Reached ** piety under Okawaru
  3045 | D:5      | Noticed Dowan
  3047 | D:5      | Noticed Duvessa
  3060 | D:5      | Killed Duvessa
  3060 | D:5      | Reached skill level 5 in Armour
  3067 | D:5      | Killed Dowan
  3067 | D:5      | Reached skill level 5 in Fighting
  3067 | D:5      | Reached skill level 5 in Shields
  3460 | D:5      | Found a bloodstained altar of Trog.
  3529 | D:5      | Found a deep blue altar of Sif Muna.
  3767 | D:6      | Reached skill level 7 in Long Blades
  3823 | D:6      | Reached XP level 8. HP: 68/68 MP: 9/9
  3942 | D:6      | Reached *** piety under Okawaru
  4036 | D:6      | Found a sparkling altar of Nemelex Xobeh.
  4044 | D:6      | Found a staircase to the Ecumenical Temple.
  4053 | Temple   | Entered the Ecumenical Temple
  4346 | D:6      | Found a deep blue altar of Sif Muna.
  5114 | D:7      | Reached skill level 8 in Long Blades
  5230 | D:7      | Found an opulent altar of Gozag.
  5319 | D:7      | Reached **** piety under Okawaru
  5403 | D:7      | Reached XP level 9. HP: 58/77 MP: 9/11
  5424 | D:7      | Reached skill level 5 in Dodging
  5436 | D:7      | Reached skill level 9 in Long Blades
  5521 | D:7      | Found a bloodstained altar of Trog.
  5985 | D:8      | Found an ornate altar of the Wu Jian Council.
  6048 | D:8      | Noticed an Executioner
  6049 | D:8      | Found a burning altar of Makhleb.
  6052 | D:8      | Found a glowing silver altar of Zin.
  6052 | D:8      | Noticed an angel
  6166 | D:8      | Found a runed door.
  6166 | D:8      | Noticed a sixfirhy
  6172 | D:8      | Noticed a two-headed ogre
  6187 | D:8      | Killed a two-headed ogre
  6187 | D:8      | Reached ***** piety under Okawaru
  6187 | D:8      | Received a gift from Okawaru
  6232 | D:8      | Reached skill level 5 in Invocations
  6479 | D:8      | Reached skill level 10 in Long Blades
  6479 | D:8      | Reached XP level 10. HP: 51/86 MP: 12/12
  6763 | D:8      | Found a snail-covered altar of Cheibriados.
  6878 | D:8      | Slain by a sixfirhy

Vault maps used:
D:1:      lightli_iron_boxes, okawaru_ov_weapons_minmay
D:2:      nicolae_overflow_crystal_walls, first_ration
D:3:      chequers_ecumenical_altar_island
D:4:      nicolae_tso_swordbearing_angel, vehumet_altar_wand_db, uniq_robin,
          uniq_blork_the_orc, uniq_natasha
D:5:      lightli_temple_of_fire, basic_altar, uniq_duvessa, uniq_ijyb
D:6:      lemuel_crystal_altar, kennysheep_mini, minmay_temple_entry_crystal_x,
          corexii_item_surrounded_by_moat
D:7:      nicolae_gozag_seed_capital, grunt_livestock, trog_three_pillars_becter
D:8:      cheibrodos_shockbox, grunt_temple_overflow_order_and_chaos_2,
          kennysheep_little_box, old_standard_altar
Temple:   compressed_dpeg_triangle_lava_temple

Skill      XL: |  1  2  3  4  5  6  7  8  9 |
---------------+----------------------------+-----
Long Blades    | 3 4 5 6 7 8 10 | 10.1
Dodging        | 1 2 3 4 5 |  5.9
Fighting       | 4 5 6 7 |  7.4
Armour         | 4 5 6 7 |  7.5
Shields        | 4 5 6 7 |  7.1
Invocations    | 1 2 4 5 |  5.1

Action                   |  1- 3 |  4- 6 |  7- 9 | 10-12 || total
-------------------------+-------+-------+-------+-------++-------
Melee: Long sword        |   125 |   143 |   323 |       ||   591
       Headbutt          |    13 |    23 |    70 |     5 ||   111
       Great sword       |       |       |    14 |    18 ||    32
Invok: Heroism           |       |       |     2 |     1 ||     3
       Finesse           |       |       |       |     1 ||     1
Evoke: Wand              |       |     3 |       |       ||     3
  Use: Scroll            |       |       |     8 |       ||     8
  Eat: Chunk             |     2 |     4 |    10 |       ||    16
       Ration            |       |       |     1 |       ||     1
Armor: Scale mail        |    62 |    54 |    30 |       ||   146
       Plate armour      |       |       |   114 |    19 ||   133
Dodge: Dodged            |    50 |    47 |    78 |    14 ||   189
Block: Shield            |    77 |    62 |   168 |       ||   307
       Rpst.: Long sword |    18 |    15 |     9 |       ||    42
       Great sword       |       |       |     4 |     7 ||    11

Table legend:
 A = Non-vault XP
 B = Vault XP
 C = Vault XP percentage of total XP
 D = Non-vault monster count
 E = Vault monster count
 F = Vault count percentage of total count
                 A         B        C        D         E       F
            +---------+---------+-------+---------+---------+-------
      Total |    4629 |    1378 |  22.9 |     145 |      24 |  14.2
            +---------+---------+-------+---------+---------+-------
        D:1 |      32 |       0 |   0.0 |      15 |       0 |   0.0
        D:2 |      51 |       0 |   0.0 |      23 |       0 |   0.0
        D:3 |      55 |       0 |   0.0 |      22 |       0 |   0.0
        D:4 |     399 |     163 |  29.0 |      16 |      16 |  50.0
        D:5 |     250 |     235 |  48.5 |      14 |       3 |  17.6
        D:6 |     679 |       0 |   0.0 |      21 |       0 |   0.0
        D:7 |    1161 |     980 |  45.8 |      20 |       5 |  20.0
        D:8 |    2002 |       0 |   0.0 |      14 |       0 |   0.0
            +---------+---------+-------+---------+---------+-------
